 Dungeon Crawl Stone Soup version 0.28.0 (webtiles) character file.

Game seed: 11456196380986372403

113 Morbidden the Skirmisher (level 4, -1/37 HPs)
             Began as a Demonspawn Fighter on Feb 7, 2022.
             Slain by a white imp (4 damage)
             ... summoned by Natasha
             ... on level 2 of the Dungeon.
             The game lasted 00:01:15 (1509 turns).

Morbidden the Skirmisher (Demonspawn Fighter)       Turns: 1509, Time: 00:01:16

Health: -1/37      AC:  6    Str: 19    XL:     4   Next: 65%
Magic:  4/4        EV:  9    Int:  9    God:
Gold:   73         SH:  4    Dex: 12    Spells: 3/3 levels left

rFire   . . .      SeeInvis .   a - +0 long sword
rCold   . . .      Faith    .   c - +0 buckler
rNeg    . . .      Spirit   .   b - +0 scale mail
rPois   .          Reflect  .   (no helmet)
rElec   .          Harm     .   (no cloak)
rCorr   .          Rampage  .   (no gloves)
Will    .....                   (no boots)
Stlth   ..........              (no amulet)
HPRegen 0.12/turn               (no ring)
MPRegen 0.09/turn               (no ring)

@: no status effects
A: ignite blood 2, weakness stinger 1
a: no special abilities


You were on level 2 of the Dungeon.
You visited 1 branch of the dungeon, and saw 2 of its levels.

You collected 73 gold pieces.

Inventory:

Hand Weapons
 a - a +0 long sword (weapon)
Missiles
 f - 3 datura-tipped darts (quivered)
Armour
 b - a +0 scale mail (worn)
 c - a +0 buckler (worn)
Scrolls
 e - a scroll of summoning {unknown}
 g - a scroll of teleportation {unknown}
 h - a scroll of amnesia {unknown}
 i - a scroll of enchant weapon {unknown}
Potions
 d - a potion of might


   Skills:
 + Level 3.7 Fighting
 + Level 2.3 Long Blades
 + Level 0.5 Throwing
 + Level 3.2 Armour
 + Level 0.9 Stealth
 + Level 3.5 Shields


You had 3 spell levels left.
You didn't know any spells.
Your spell library was empty.

Dungeon Overview and Level Annotations

Branches:
Dungeon (2/15)

Altars:

Annotations:
D:2 Natasha


Innate Abilities, Weirdness & Mutations

Your demonic aura often causes spilled blood to erupt in flames.
You have a small tail.


Message History

You barely miss Natasha.
Natasha is heavily wounded.
The white imp gestures at you. The puff of frost hits you!
Natasha claws you but does no damage.
You are too injured to fight recklessly!
You are too injured to fight recklessly!
You are too injured to fight recklessly!
Unknown command.
You are too injured to fight recklessly!
Unknown command.
Unknown command.
You completely miss Natasha.
Natasha is heavily wounded.
The white imp hits you. The white imp freezes you. Natasha barely misses you.
The white imp gestures at you. The puff of frost hits you.
* * * LOW HITPOINT WARNING * * *
Unknown command.
You closely miss Natasha.
Natasha is heavily wounded.
Natasha claws you.
* * * LOW HITPOINT WARNING * * *
The white imp hits you but does no damage.
Unknown command.
Unknown command.
You hit Natasha.
Natasha is severely wounded.
Natasha claws you but does no damage.
The white imp hits you but does no damage.
Natasha casts a spell at you. You resist with some effort.
Unknown command.
Unknown command.
You barely miss Natasha.
Natasha is severely wounded.
The white imp hits you but does no damage.
Natasha claws you but does no damage. The white imp hits you.
* * * LOW HITPOINT WARNING * * *
The white imp freezes you.
You die...

#...#.###..................
..........<.##.............
......#####..............
....#.# #..#.............
#####.####.....#...........
#.##...................
###.##...................
#............h...........
###............5@........#
................>........#
...).....................#
................)........#
.÷÷.÷...................##
.................#.........
...............######..####
...............# .##
...............# .#


You could see Natasha and a white imp (summoned).

Vanquished Creatures
  Natasha (twice) (D:2)
  A gnoll (D:2)
  2 adders (D:2)
  A dart slug (D:2)
  3 ball pythons
  2 endoplasms
  A giant cockroach (D:1)
  A hobgoblin (D:2)
  2 bats (D:2)
  2 goblins
  A rat (D:1)
18 creatures vanquished.

Vanquished Creatures (collateral kills)
  2 gnolls (D:2)
2 creatures vanquished.

Vanquished Creatures (others)
  A gnoll (D:2)
1 creature vanquished.

Grand Total: 21 creatures vanquished

Notes
Turn   | Place    | Note
-------+----------+-------------------------------------------
     0 | D:1      | Morbidden the Demonspawn Fighter began the quest for the
                  | Orb.
     0 | D:1      | Reached XP level 1. HP: 18/18 MP: 1/1
   443 | D:1      | Found a faded altar of an unknown god.
   727 | D:2      | Gained mutation: Your demonic aura sometimes causes spilled
                  | blood to erupt in flames. [demonic ancestry]
   727 | D:2      | Reached XP level 2. HP: 24/24 MP: 2/2
   789 | D:2      | Gained mutation: Your demonic aura often causes spilled
                  | blood to erupt in flames. [demonic ancestry]
   789 | D:2      | Reached XP level 3. HP: 7/29 MP: 3/3
  1254 | D:2      | Noticed Natasha
  1261 | D:2      | Killed Natasha
  1262 | D:2      | Gained mutation: You have a small tail. [demonic ancestry]
  1262 | D:2      | Reached XP level 4. HP: 21/37 MP: 4/4
  1482 | D:2      | Noticed Natasha
  1488 | D:2      | Killed Natasha
  1499 | D:2      | Noticed Natasha
  1509 | D:2      | Slain by a white imp

Illustrated notes

Levels and vault maps discovered:
D:1:      lightli_arrival_lavapool, layout_basic,
          ebering_ecumenical_altar_abandoned
D:2:      layout_rooms, uniq_natasha

Skill      XL: |  1  2  3 |
---------------+----------+-----
Armour         | 3 |  3.2
Shields        | 3 |  3.5
Long Blades    | 2 |  2.3
Fighting       | |  3.7
Throwing       | |  0.5
Stealth        | |  0.9

Action                   |  1- 3 |  4- 6 || total
-------------------------+-------+-------++-------
Melee: Long sword        |    31 |    13 ||    44
       Tailslap          |       |     2 ||     2
Throw: Dart              |     2 |       ||     2
Armor: Scale mail        |    17 |    12 ||    29
Dodge: Dodged            |    22 |     5 ||    27
Block: Buckler           |     8 |     2 ||    10
